 Dungeon Crawl Stone Soup version 0.31-a0-187-gba352fbbf7 (webtiles) character file.

Game seed: 3625051941001599443

30 qw the Shooter (level 3, -3/20 HPs)
             Began as a Deep Elf Hunter on June 22, 2023.
             Slain by a worm (9 damage)
             ... on level 2 of the Dungeon.
             The game lasted 00:00:21 (975 turns).

qw the Shooter (Deep Elf Hunter)                     Turns: 975, Time: 00:00:22

Health: -3/20      AC:  3    Str: 10    XL:     3   Next: 3%
Magic:  5/5        EV: 12    Int: 13    God:
Gold:   117        SH:  0    Dex: 18    Spells: 2/2 levels left

rFire   . . .        Y - +0 shortbow
rCold   . . .        (shield currently unavailable)
rNeg    . . .        c - +0 leather armour
rPois   .            (no helmet)
rElec   .            (no cloak)
rCorr   .            (no gloves)
SInv    .            (no boots)
Will    .....        (no amulet)
Stlth   ++           (no ring)
HPRegen 0.23/turn    (no ring)
MPRegen 0.09/turn

%: no passive effects
@: no status effects
A: no striking features
a: no special abilities


You were on level 2 of the Dungeon.
You visited 1 branch of the dungeon, and saw 2 of its levels.

You collected 117 gold pieces.


   Skills:
 - Level 1.5 Fighting
 + Level 6.6 Ranged Weapons
 - Level 2.4 Dodging
 - Level 1.2 Stealth


You had 2 spell levels left.
You didn't know any spells.
Your spell library was empty.

Inventory:

Hand Weapons
 Y - a +0 shortbow (weapon)
Armour
 b - a +0 pair of gloves
 c - a +0 leather armour (worn)
Scrolls
 a - a scroll of amnesia {unknown}
 e - 4 scrolls of identify

Dungeon Overview and Level Annotations

Branches:
Dungeon (2/15)

Altars:


Message History

The worm is lightly wounded.
You shoot an arrow. The arrow hits the worm.
The worm is lightly wounded.
You shoot an arrow. The arrow hits the worm.
The worm is moderately wounded.
The worm barely misses you. The rat barely misses you.
You shoot an arrow. The arrow hits the worm.
The worm is moderately wounded.
The rat barely misses you. The worm barely misses you.
You shoot an arrow.
The arrow hits the worm but does no damage.
The worm is moderately wounded.
The rat bites you.
You shoot an arrow.
The arrow hits the worm but does no damage.
The worm is moderately wounded.
The rat bites you but does no damage. The worm bites you.
You shoot an arrow. The arrow barely misses the worm.
The rat barely misses you. The worm closely misses you.
The rat closely misses you.
You shoot an arrow. The arrow hits the worm.
The worm is moderately wounded.
The rat barely misses you. The worm closely misses you.
You shoot an arrow.
The arrow hits the worm but does no damage.
The worm is lightly wounded.
The rat misses you.
You shoot an arrow. The arrow hits the worm.
The worm is moderately wounded.
The rat closely misses you. The worm barely misses you.
You shoot an arrow.
The arrow hits the worm but does no damage.
The worm is lightly wounded.
The rat bites you. The worm bites you.
You shoot an arrow. The arrow hits the worm.
The worm is moderately wounded.
The rat bites you.
You shoot an arrow. The arrow barely misses the worm.
The rat bites you. The worm bites you!
You die...

#.# ##.###
#.............#+### #.#
#.#####........###..#.#
#.# ......#........#
##...### #.#
.......#........#
#.#.... #.#
................##
#.#.##. #.#
.............# #.#....
#.# .............#
#.##### #.#
......r......# ..# #.#
###..@.....# ### ..#
###w###### ..# .... ..#
#...... ..# #.......
### #........ #
####...... # #......# #


You could see a worm and a rat.

Vanquished Creatures
  A worm (D:2)
  2 endoplasms
  A giant cockroach (D:1)
  3 goblins
  A hobgoblin (D:2)
  2 jackals (D:1)
  3 quokkas
  A ball python (D:1)
  3 bats
  2 frilled lizards
  5 kobolds
  2 rats
26 creatures vanquished.

Notes
Turn   | Place    | Note
-------+----------+-------------------------------------------
     0 | D:1      | qw the Deep Elf Hunter began the quest for the Orb.
     0 | D:1      | Reached XP level 1. HP: 12/12 MP: 3/3
     0 | D:1      | 0 ||| qw: Version: 0.3-a-9-g12657ce
     0 | D:1      | 0 ||| qw: Game counter: 2015
     0 | D:1      | 0 ||| qw: Always use a shield: true
     0 | D:1      | 0 ||| qw: God list: Okawaru
     0 | D:1      | 0 ||| qw: Allow faded altars: false
     0 | D:1      | 0 ||| qw: Do Orc after D:15 true
     0 | D:1      | 0 ||| qw: Do second Lair branch before Depths: true
     0 | D:1      | 0 ||| qw: Lair rune preference: random
     0 | D:1      | 0 ||| qw: Plans: Normal
     0 | D:1      | 0 ||| PLANNING D:1-11
    77 | D:1      | Found a faded altar of an unknown god.
   248 | D:1      | Reached skill level 6 in Ranged Weapons
   248 | D:1      | Reached XP level 2. HP: 16/16 MP: 4/4
   604 | D:1      | 604 ||| READING scroll labelled VEBEXKA WAIWKA.
   605 | D:1      | 605 ||| READING 2 scrolls labelled LYREWENESO.
   606 | D:1      | 606 ||| READING scroll labelled SIATEN ZOICLA.
   611 | D:1      | 611 ||| READING scroll labelled GIVUHE QYCARCH.
   612 | D:1      | 612 ||| READING scroll labelled OCUGUCAO QOGU.
   613 | D:1      | 613 ||| DROPPING scroll of butterflies.
   634 | D:2      | 634 ||| STAIRDANCE
   952 | D:2      | Reached XP level 3. HP: 20/20 MP: 5/5
   975 | D:2      | Slain by a worm

Levels and vault maps discovered:
D:1:      minmay_arrival_five_plusses, layout_basic,
          ebering_ecumenical_altar_sacrificial
D:2:      layout_basic, uniq_sigmund

Skill      XL: |  1 |
---------------+----+-----
Ranged Weapons | 6 |  6.6
Fighting       | |  1.5
Dodging        | |  2.4
Stealth        | |  1.2

Action                     || total
---------------------------++-------
   Fire: Shortbow          ||    82
    Use: Scroll            ||     5
 Armour: Leather armour    ||     4
  Dodge: Dodged            ||    27

Table legend:
 A = Non-vault XP
 B = Vault XP
 C = Vault XP percentage of total XP
 D = Non-vault monster count
 E = Vault monster count
 F = Vault count percentage of total count
                 A         B        C        D         E       F
            +---------+---------+-------+---------+---------+-------
      Total |      43 |       0 |   0.0 |      26 |       0 |   0.0
            +---------+---------+-------+---------+---------+-------
        D:1 |      23 |       0 |   0.0 |      15 |       0 |   0.0
        D:2 |      20 |       0 |   0.0 |      11 |       0 |   0.0
            +---------+---------+-------+---------+---------+-------
